 Dungeon Crawl Stone Soup version 0.28-a0-1206-g193881aaa2 (webtiles) character file.

Game seed: 9474309997409788694

238 fragbeetle the Poker (level 6, 0/70 HPs)
             Began as a Merfolk Gladiator on Dec 20, 2021.
             Succumbed to an orc wizard's poison
             ... on level 3 of the Dungeon.
             The game lasted 00:11:55 (4021 turns).

fragbeetle the Poker (Merfolk Gladiator)            Turns: 4021, Time: 00:11:56

Health: 0/70       AC: 23    Str: 16    XL:     6   Next: 7%
Magic:  6/6        EV:  2    Int:  7    God:
Gold:   186        SH:  0    Dex: 16    Spells: 5/5 levels left

rFire   + . .      SeeInvis .   a - +0 trident
rCold   . . .      Faith    .   (no shield)
rNeg    . . .      Spirit   .   (armour currently unavailable)
rPois   +          Reflect  .   (helmet currently unavailable)
rElec   .          Harm     .   (cloak currently unavailable)
rCorr   .          Rampage  .   (gloves currently unavailable)
Will    .....      NoTele   +   (boots currently unavailable)
Stlth   +.........              (no amulet)
HPRegen 0.21/turn               q - ring of protection from fire
MPRegen 0.10/turn               (no ring)

@: lethally poisoned (0 -> -1), tree-form
A: stationary, stasis, torment immunity, boosted hp, (nimble swimmer 2),
(mertail)
a: no special abilities


You were on level 3 of the Dungeon.
You were a tree.
You visited 1 branch of the dungeon, and saw 4 of its levels.

You collected 186 gold pieces.

Inventory:

Hand Weapons
 a - a +0 trident (weapon)
Missiles
 d - 3 throwing nets
 g - 83 stones
 t - 19 poisoned darts (quivered)
Armour
 b - a +0 leather armour (melded)
 c - a +0 helmet (melded)
 h - a +0 buckler
 j - a +0 pair of boots (melded)
 o - a +0 ring mail
Jewellery
 q - a ring of protection from fire (left branch)
Scrolls
 f - a scroll of vulnerability {unknown}
 i - a scroll of teleportation {unknown}
 k - a scroll of torment {unknown}
 p - a scroll of noise {unknown}
 v - a scroll of fog {unknown}
Potions
 r - a potion of berserk rage {unknown}
 u - a potion of magic


   Skills:
 + Level 3.5 Fighting
 * Level 6.5 Polearms
 + Level 3.0 Throwing
 + Level 5.0 Dodging
 + Level 1.8 Shields


You had 5 spell levels left.
You didn't know any spells.
Your spell library contained the following spells:

 Spells                   Type           Power      Damage    Failure   Level
 Animate Skeleton         Necr           0%         N/A       43%         1
 Pain                     Necr           0%         1d4       43%         1
 Slow                     Hex            0%         N/A       43%         1
 Confusing Touch          Hex            0%         N/A       80%         3
 Inner Flame              Hex/Fire       0%         N/A       80%         3
 Vampiric Draining        Necr           0%         2d6       80%         3
 Cause Fear               Hex            0%         N/A       99%         4
 Yara's Violent Unravell  Hex/Tmut       0%         3d3       100%        5
 Discord                  Hex            0%         N/A       100%        8


Dungeon Overview and Level Annotations

Branches:
Dungeon (4/15)
 Temple: D:4-7

Altars:
Ashenzari
Sif Muna
Xom

Shops:
D:2 :


Innate Abilities, Weirdness & Mutations

You are a tree.
Your roots penetrate the ground, keeping you stationary.
You cannot be teleported.
You are immune to unholy pain and torment.
Your maximum health is greatly increased.
Your equipment is partially melded.
((You are quick and stealthy near water. (Stealth+, EV+, Speed+++)))
((Your lower body shifts to a powerful aquatic tail in water.))


Message History

* * * LOW HITPOINT WARNING * * *
You are lethally poisoned!
You puncture the orc wizard!
The orc wizard is severely wounded.
* * * LOW HITPOINT WARNING * * *
You feel very sick. The orc wizard barely misses you.
You puncture the orc wizard!
You kill the orc wizard!
* * * LOW HITPOINT WARNING * * *
You feel very sick.
Your Dodging skill increases to level 5!
You have reached level 6!
There is a lethal amount of poison in your body!
Really quaff the potion of lignification?
You turn into a tree.
Your +0 helmet melds into your body.
Your +0 pair of boots melds into your body.
Your +0 leather armour melds into your body.
Your roots penetrate the ground.
* * * LOW HITPOINT WARNING * * *
You feel very sick.
There is a lethal amount of poison in your body!
As you read the scroll labelled JOLUSE MIKORA, it crumbles to dust.
You cannot blink because you are held in place by your roots.
It was a scroll of blinking.
* * * LOW HITPOINT WARNING * * *
You feel sick.
There is a lethal amount of poison in your body!
There is a lethal amount of poison in your body!
There is a lethal amount of poison in your body!
Unknown command.
* * * LOW HITPOINT WARNING * * *
You feel sick.
* * * LOW HITPOINT WARNING * * *
You feel sick.
* * * LOW HITPOINT WARNING * * *
You feel sick.
* * * LOW HITPOINT WARNING * * *
You feel sick.
You die...

.#.#.# .#.#.#
'#.#.# .....#
.....#
.....#############
...#.............#
...#.###########.#
...#.# #♣# .#.#.#
#)# .#.#.# #.#
.#...# #.# .#...#
#.# .#...# #.#
#....# #.# .....#
#.# #...># #.#


There were no monsters in sight!

Vanquished Creatures
  A scorpion (D:4)
  Jessica (D:2)
  An orc wizard (D:3)
  A hound skeleton (D:4)
  2 gnolls (D:3)
  4 adders
  3 dart slugs (D:1)
  4 orcs
  An endoplasm (D:1)
  2 giant cockroaches (D:1)
  5 goblins
  7 hobgoblins
  6 kobolds
  3 quokkas
  3 ball pythons
  6 bats
  3 frilled lizards (D:1)
  3 rats
56 creatures vanquished.

Notes
Turn   | Place    | Note
-------+----------+-------------------------------------------
     0 | D:1      | fragbeetle the Merfolk Gladiator began the quest for the
                  | Orb.
     0 | D:1      | Reached XP level 1. HP: 16/16 MP: 1/1
   203 | D:1      | Found a faded altar of an unknown god.
   227 | D:1      | Reached XP level 2. HP: 23/23 MP: 2/2
   585 | D:1      | Reached skill level 5 in Polearms
   703 | D:1      | Reached XP level 3. HP: 19/28 MP: 3/3
  1482 | D:2      | Found a shimmering blue altar of Sif Muna.
  1577 | D:2      | Found Teagomim's Book Shoppe.
  1780 | D:2      | Noticed Jessica
  1790 | D:2      | Killed Jessica
  1791 | D:2      | Reached XP level 4. HP: 26/34 MP: 4/4
  1957 | D:2      | Reached skill level 1 in Shields
  2531 | D:3      | Found a broken altar of Ashenzari.
  3219 | D:4      | Reached XP level 5. HP: 39/41 MP: 5/5
  3219 | D:4      | Found a shimmering altar of Xom.
  3438 | D:3      | Reached skill level 6 in Polearms
  4015 | D:3      | Reached skill level 5 in Dodging
  4015 | D:3      | Reached XP level 6. HP: 7/47 MP: 6/6
  4018 | D:3      | HP: 3/70 [poisoned by an orc wizard]
  4020 | D:3      | HP: 1/70 [poisoned by an orc wizard]
  4021 | D:3      | Succumbed to an orc wizard's poison

Illustrated notes

Levels and vault maps discovered:
D:1:      lordsloth_arrival_two_stooges, layout_basic, serial_forest,
          infiniplex_forest_straight_2, infiniplex_forest_straight_3,
          infiniplex_forest_straight_5, infiniplex_forest_straight_2,
          hellmonk_ecumenical_altar_leap_of_faith, st_stairs_1
D:2:      layout_basic, basic_altar, serial_shops, nicolae_square_shop,
          minmay_misc_feat_nine_boxes, kennysheep_jessica_study
D:3:      layout_basic, mainiacjoe_overflow_paths
D:4:      cheibrodos_quashed, layout_gridville, tso_altar,
          nicolae_xom_altar_mimics, mainiacjoe_overflow_swirl

Skill      XL: |  1  2  3  4  5 |
---------------+----------------+-----
Polearms       | 5 6 |  6.5
Shields        | 1 |  1.8
Fighting       | 3 |  3.5
Throwing       | 3 |  3.0
Dodging        | 5 |  5.0

Action                   |  1- 3 |  4- 6 || total
-------------------------+-------+-------++-------
Melee: Trident           |   134 |   104 ||   238
Throw: Stone             |       |     4 ||     4
       Dart              |       |     3 ||     3
  Use: Scroll            |       |     6 ||     6
       Potion            |       |     3 ||     3
 Stab: Sleeping          |       |     1 ||     1
Armor: Leather armour    |    31 |    11 ||    42
Dodge: Dodged            |    67 |    53 ||   120

Table legend: (Time is in decaauts)
 A = Elapsed time spent in this place.
 B = Non-inter-level travel time spent in this place.
 C = Inter-level travel time spent in this place.
 D = Time resting spent in this place.
 E = Time spent auto-exploring this place.
 F = Levels seen in this place.
 G = Mean time per level.
                   A        B        C        D        E       F      G
               +--------+--------+--------+--------+--------+-----+--------+
         Total |   4031 |   4001 |     30 |   1261 |   1313 |   4 | 1007.8 |
       Dungeon |   4031 |   4001 |     30 |   1261 |   1313 |   4 | 1007.8 |
               +--------+--------+--------+--------+--------+-----+--------+

Top non-repeatable levels by time:
     D:3: 1608 daAuts
     D:1: 1172 daAuts
     D:2: 1049 daAuts
     D:4: 201 daAuts
